 Dungeon Crawl Stone Soup version 0.30.1-11-g7821555f0a (webtiles) character file.

Game seed: 9326785578352423614

3477 lonewolfV2 the Blocker (level 10, -14/83 HPs)
             Began as a Formicid Fighter on Nov 28, 2023.
             Was a Priest of Qazlal.
             Killed by the air
             ... invoked by Gastronok
              (42 damage)
             ... on level 8 of the Dungeon.
             The game lasted 00:10:03 (7465 turns).

lonewolfV2 the Blocker (Formicid Fighter)           Turns: 7465, Time: 00:10:03

Health: -14/83     AC: 15    Str: 22    XL:     10   Next: 27%
Magic:  13/13      EV:  5    Int: 15    God:    Qazlal [***...]
Gold:   279        SH: 15    Dex: 15    Spells: 9/9 levels left

rFire   + + .        t - +2 battleaxe
rCold   + . .        n - +0 kite shield
rNeg    . . .        v - +0 plate armour
rPois   +            (helmet unavailable)
rElec   +            (no cloak)
rCorr   +            (no gloves)
SInv    +            p - +2 pair of boots
Will    +....        (no amulet) Stlth
                     r - +6 ring of intelligence
HPRegen 0.33/turn    u - ring of wizardry
MPRegen 0.13/turn

%: wizardry (x1)
@: mighty, resistant, unable to drink
A: permanent stasis, dig shafts and tunnels, antennae 3, four strong arms, fire
resistance 1, inability to drink after injury 1
a: Dig, Shaft Self, Renounce Religion, Upheaval, Elemental Force


You were on level 8 of the Dungeon.
You worshipped Qazlal.
Qazlal was most pleased with you.
You visited 2 branches of the dungeon, and saw 9 of its levels.

You collected 349 gold pieces.
You spent 70 gold pieces at shops.

Inventory:

Hand Weapons
 a - a +0 war axe
 c - the +5 woodcutter's axe
   (You took it off a gnoll sergeant on level 3 of the Dungeon)
 g - a +0 battleaxe of venom
 t - a +2 battleaxe (weapon)
Armour
 n - a +0 kite shield (worn)
 p - a +2 pair of boots (worn)
 v - a +0 plate armour (worn)
Jewellery
 r - a +6 ring of intelligence (left hand)
 u - a ring of wizardry (right hand)
Wands
 h - a wand of paralysis (2)
 s - a wand of flame (31)
Scrolls
 j - a scroll of summoning
 o - 7 scrolls of identify
 q - a scroll of immolation
Potions
 e - a potion of flight
 f - 3 potions of invisibility
 i - a potion of resistance
 k - a potion of haste
 l - 6 potions of curing
 m - a potion of heal wounds
 w - a potion of magic {unknown}


   Skills:
 - Level 9.0 Fighting
 - Level 8.1 Axes
 + Level 4.9 Armour
 - Level 10.0 Shields
 + Level 4.7 Invocations


You had 9 spell levels left.
You didn't know any spells.
Your spell library contained the following spells:

 Spells                   Type           Power      Damage    Failure   Level
 Freeze                   Ice            0%         1d3       98%         1
 Frozen Ramparts          Ice            0%         1d1       100%        3
 Hailstorm                Conj/Ice       0%         3d3       100%        3
 Ice Form                 Ice/Tmut       0%         N/A       100%        4
 Simulacrum               Ice/Necr       0%         N/A       100%        6


Dungeon Overview and Level Annotations

Branches:
Dungeon (8/15)             Temple (1/1) D:4
   Lair: D:8-11

Altars:
Ashenzari
Cheibriados
Elyvilon
Fedhas
Gozag
Hepliaklqana
Kikubaaqudgha
Okawaru
Qazlal
Ru
Sif Muna
Uskayaw
Wu Jian
Xom
Yredelemnul
Zin

Shops:
D:1 *   D:4 [!

Annotations:
D:8 Gastronok


Innate Abilities, Weirdness & Mutations

You cannot be hasted, slowed, berserked, paralysed or teleported.
You can dig through walls and to a lower floor.
You have a pair of large antennae on your head. (SInv)
Your four strong arms can wield two-handed weapons with a shield.
Your flesh is heat resistant. (rF+)
You occasionally lose the ability to drink potions when taking damage.


Message History

The gnoll bouda is heavily wounded.
You block the gnoll bouda's attack. x2
You slice the gnoll bouda!!
You kill the gnoll bouda!
Qazlal accepts your kill.
You can now give life to nearby clouds.
Found a scroll of identify.
Things that are here:
a +0 whip; a +0 robe; a gnoll corpse Gastronok the Ponderous comes into view.
Found 3 stones.
Gastronok gurgles horribly!
Something shouts, "Turn tail, thou villainous hell-hated harpy!"
Gastronok is nearby!
Gastronok is nearby!
Found 10 gold pieces.
Something shouts, "Give up, thou rank beetle-headed swadder!"
A white imp comes into view.
The white imp gestures at you. The puff of frost hits you.
Gastronok waves his eye-stalks in wide circles.
The air twists around and strikes you!!
Found a book of the Moon.
Gastronok waves his eye-stalks in wide circles.
The air twists around and strikes you!!
* * * LOW HITPOINT WARNING * * *
You feel much better.
You feel much better.
You feel protected. You block the white imp's attack.
Gastronok gurgles.
Gastronok waves his eye-stalks in wide circles.
The air twists around and strikes you!!
You feel very mighty all of a sudden. You block the white imp's attack.
The white imp hits you but does no damage.
Gastronok waves his eye-stalks in wide circles.
The air twists around and strikes you!!!
You feel threatened and lose the ability to drink potions!
Ouch! That really hurt!
You die...

...............................
.......)###################...[
.........)....## #....
........##)....### #....
.#########.......# #....
#.....#.##### ###.#)
#............ ......
#.....○..### ###.#. #...5@§..#
##... #........# #####....
#...?....# .........
......#.....# .........
.....#....w.............#
.....#.#...#............#
..........(...#####.###.. ....
#......$.# #. #.. #####.:. #
#..


You could see Gastronok and a white imp.

Vanquished Creatures
  Pikel (D:8)
  Joseph (D:7)
  2 water moccasins
  Duvessa (D:6)
  An orc warrior (D:6)
  A sky beast (D:6)
  An ice beast (D:8)
  2 black bears
  An ogre (D:7)
  2 centaurs
  2 bullfrogs (D:6)
  A gnoll sergeant (D:3)
  4 scorpions
  Dowan (D:6)
  4 wights (D:7)
  4 orc priests (D:7)
  Crazy Yiuf (D:7)
  A hound (D:6)
  2 gnoll boudas
  Ijyb (D:5)
  Jessica (D:2)
  Natasha (twice) (D:3)
  2 iguanas (D:5)
  12 orc wizards
  13 gnolls
  6 adders
  A shadow imp (D:6)
  3 white imps
  2 ufetubi
  A worm (D:4)
  2 dart slugs
  16 orcs
  8 ball pythons
  4 endoplasms
  3 giant cockroaches
  9 goblins
  10 hobgoblins
  6 jackals (D:4)
  8 quokkas
  6 bats
  5 frilled lizards
  7 kobolds
  4 rats
165 creatures vanquished.

Notes
Turn   | Place    | Note
-------+----------+-------------------------------------------
     0 | D:1      | lonewolfV2 the Formicid Fighter began the quest for the
                  | Orb.
     0 | D:1      | Reached XP level 1. HP: 18/18 MP: 1/1
    54 | D:1      | Found Yvuuleat's Assorted Antiques.
   199 | D:1      | Reached XP level 2. HP: 20/24 MP: 2/2
   656 | D:1      | Reached XP level 3. HP: 30/30 MP: 3/3
  1018 | D:2      | You fall into a shaft and drop 1 floor!
  1041 | D:3      | Reached XP level 4. HP: 19/37 MP: 4/4
  1339 | D:2      | Noticed Jessica
  1350 | D:2      | Killed Jessica
  1351 | D:2      | Reached XP level 5. HP: 4/42 MP: 5/5
  1939 | D:3      | Noticed Natasha
  1946 | D:3      | Killed Natasha
  2338 | D:3      | Reached XP level 6. HP: 28/49 MP: 6/6
  2339 | D:3      | Reached skill level 5 in Axes
  3011 | D:3      | Noticed Natasha
  3020 | D:3      | Killed Natasha
  3103 | D:3      | Identified the +4 short sword "Igethis" {heavy, Fly rPois}
  3169 | D:3      | Gained mutation: You occasionally lose the ability to drink
                  | potions when taking damage. [potion of mutation]
  3169 | D:3      | Gained mutation: Your flesh is heat resistant. (rF+)
                  | [potion of mutation]
  3402 | D:4      | Found a staircase to the Ecumenical Temple.
  3543 | Temple   | Entered the Ecumenical Temple
  3596 | Temple   | Became a worshipper of Qazlal Stormbringer
  3733 | D:4      | Found Laochyqa's Armour Shoppe.
  3771 | D:4      | Reached XP level 7. HP: 42/55 MP: 7/7
  3792 | D:4      | Noticed a water moccasin
  3824 | D:4      | Killed a water moccasin
  3824 | D:4      | Reached * piety under Qazlal
  4263 | D:4      | Found Zourato's Distillery.
  4276 | D:4      | Bought a potion of heal wounds for 70 gold pieces
  4483 | D:5      | Entered Level 5 of the Dungeon
  4706 | D:5      | Noticed Ijyb
  4707 | D:5      | Found a broken altar of Ashenzari.
  4714 | D:5      | Killed Ijyb
  4929 | D:5      | Reached XP level 8. HP: 46/61 MP: 8/8
  5285 | D:6      | Reached skill level 5 in Fighting
  5285 | D:6      | Reached skill level 5 in Shields
  5522 | D:6      | Reached skill level 6 in Shields
  5591 | D:6      | Noticed Dowan
  5591 | D:6      | Noticed Duvessa
  5604 | D:6      | Killed Duvessa
  5615 | D:6      | Killed Dowan
  5701 | D:6      | Reached ** piety under Qazlal
  5795 | D:6      | Reached XP level 9. HP: 71/71 MP: 9/9
  5799 | D:6      | Reached skill level 7 in Shields
  5987 | D:7      | Reached skill level 8 in Shields
  6424 | D:7      | Reached skill level 9 in Shields
  6823 | D:8      | Noticed Pikel
  6851 | D:7      | Identified the +10 rapier "Juittid" {elec, rC+ Int-2 Dex+2}
  6860 | D:7      | Found a runed translucent door.
  6861 | D:7      | Noticed Crazy Yiuf
  6865 | D:7      | Killed Crazy Yiuf
  6912 | D:7      | Noticed Joseph
  6923 | D:7      | Killed Joseph
  6924 | D:7      | Reached skill level 10 in Shields
  6924 | D:7      | Reached XP level 10. HP: 54/83 MP: 10/10
  7141 | D:7      | Reached skill level 1 in Invocations
  7248 | D:8      | Killed Pikel
  7450 | D:8      | Reached *** piety under Qazlal
  7455 | D:8      | Noticed Gastronok
  7465 | D:8      | Killed from afar by Gastronok

Illustrated notes

Levels and vault maps discovered:
D:1:      ldierk_walled_garden, layout_loops_ring, serial_shops,
          nicolae_shop_stone, moated_statue
D:2:      layout_loops_ring, uniq_jessica
D:3:      wad_river_or_something, layout_basic, pf_guarded_unrand_woodcutter,
          uniq_natasha
D:4:      layout_basic, minmay_temple_entry_statues, serial_shops, shop,
          nicolae_shop_rolling_square, minmay_fractal_squares_diagonal_5
D:5:      layout_loops_ring, mainiacjoe_overflow_tiny_flanked, uniq_ijyb
D:6:      layout_rooms, kennysheep_nondescript, uniq_duvessa
D:7:      layout_cave_pools, minmay_a_box_with_orc_wizards_in_it, uniq_joseph,
          uniq_crazy_yiuf_cottage
D:8:      layout_basic, mainiacjoe_overflow_alcove_4, lair_entry_dummy,
          enter_bailey_4, doesnt_shop_hydraphobe, uniq_pikel, uniq_gastronok,
          uniq_erica, uniq_psyche
Temple:   compressed_dpeg_triangle_lava_temple

Skill      XL: |  1  2  3  4  5  6  7  8  9 10 |
---------------+-------------------------------+-----
Axes           | 3 4 6 8 |  8.1
Fighting       | 4 6 9 |  9.0
Shields        | 6 10 | 10.0
Invocations    | 4 |  4.7
Armour         | 4 |  4.9

Action                     |  1- 3 |  4- 6 |  7- 9 | 10-12 || total
---------------------------+-------+-------+-------+-------++-------
  Melee: War axe           |    38 |       |       |       ||    38
         Battleaxe         |    56 |   129 |   191 |    36 ||   412
    Use: Scroll            |     1 |     2 |     7 |       ||    10
         Potion            |       |     3 |       |     4 ||     7
 Armour: Scale mail        |    50 |    59 |    69 |       ||   178
         Plate armour      |       |       |     3 |    24 ||    27
  Dodge: Dodged            |    43 |    68 |    70 |     7 ||   188
  Block: Buckler           |    28 |    34 |       |       ||    62
         Kite shield       |       |    19 |   159 |    41 ||   219
